 Dungeon Crawl Stone Soup version 0.15.0-18-g9076a4f (webtiles) character file.

49 Kashira the Ruffian (level 3, -6/31 HPs)
             Began as a Naga Transmuter on Sept 7, 2014.
             Killed from afar by an orc wizard (10 damage)
             ... with a magic dart
             ... on Level 2 of the Dungeon.
             The game lasted 00:06:23 (1962 turns).

Kashira the Ruffian (Naga Transmuter)               Turns: 1962, Time: 00:06:23

HP  -6/31        AC  2     Str 12      XL: 3   Next: 77%
MP   1/6         EV  9     Int 14      God:
Gold 133         SH  0     Dex 11      Spells:  2 memorised,  2 levels left

rFire  . . .     SeeInvis +       - Unarmed
rCold  . . .     Clarity  .     k - +0 leather armour
rNeg   . . .     rCorr    .     (no shield)
rPois  +         rRot     .     (helmet restricted)
rElec  .         Spirit   .     (no cloak)
SustAb .         Warding  .     (no gloves)
rMut   .         Stasis   .     (no barding)
Gourm  .                        (no amulet)
MR     .....                    (no ring)
                                (no ring)

@: short of breath, appendage (expiring), very slightly contaminated, heavily
drained, very slow, not resistant to hostile enchantments, very unstealthy
A: spit poison, horns 2, see invisible, deformed body, poison resistance,
slowness 2, AC +1
a: Spit Poison, End Transformation


You were on level 2 of the Dungeon.
You were very hungry.
You had grown temporary horns.
You visited 1 branch of the dungeon, and saw 3 of its levels.

You collected 133 gold pieces.

Inventory:

Missiles
 b - 44 arrows
Armour
 c - a +0 robe
 k - a +0 leather armour (worn)
Comestibles
 a - a bread ration
 j - a slice of pizza
Scrolls
 g - 6 scrolls of identify {unknown}
 i - a scroll of noise {unknown}
 l - a scroll of remove curse {unknown}
 o - a scroll of random uselessness {unknown}
Potions
 f - a potion of curing
 h - 3 potions of heal wounds
 m - a potion of mutation {unknown}
 n - a potion of haste {unknown}
Books
 d - a book of Changes

   Spells                             Type                      Level
   *Beastly Appendage                 Transmutation                1
   Sticks to Snakes                   Transmutation                2
   *Spider Form                       Transmutation/Poison         3
   Ice Form                           Ice/Transmutation            4
   Blade Hands                        Transmutation                5


   Skills:
 - Level 1.2(0.0) Fighting
 - Level 1.8(0.6) Dodging
 - Level 0.4(0.0) Stealth
 - Level 3.3(2.0) Unarmed Combat
 - Level 2.3(1.1) Spellcasting
 * Level 2.8(1.6) Transmutations
 + Level 0.3(0.0) Poison Magic


You had 2 spell levels left.
You knew the following spells:

 Your Spells              Type           Power        Failure   Level  Hunger
a - Beastly Appendage     Trmt           #.....       17%         1    ##.....
b - Spider Form           Trmt/Pois      #.........   61%         3    ####...


Dungeon Overview and Level Annotations

Branches:
Dungeon (3/15)

Altars:


Innate Abilities, Weirdness & Mutations

You cannot wear boots.
You can spit poison.
Your serpentine skin is tough (AC +1).
You have supernaturally acute eyesight.
Armour fits poorly on your strangely shaped body.
Your system is resistant to poisons.
You cover ground very slowly.
You have a pair of horns on your head.


Message History

The splash of poison misses the orc wizard.
You feel slightly more hungry.
Your transformation is almost over.
The orc wizard hits you with a dagger.
* * * LOW HITPOINT WARNING * * *
The orc hits you with a mace of draining.
* * * LOW HITPOINT WARNING * * *
You feel drained. The orc wizard barely misses you.
Drink which item? (? for menu, Esc to quit)
Okay, then.
Read which item? (? for menu, Esc to quit)
As you read the scroll labeled HOELEL PNOEN, it crumbles to dust.
Forget which spell ([?*] list [ESC] exit)?
Forget which spell ([?*] list [ESC] exit)?
Forget which spell ([?*] list [ESC] exit)?
Okay, then.
It was a scroll of amnesia.
The orc wizard gestures at you while chanting.
The magic dart hits you!
You die...

#...##..##.##.#.#
#.......##.##...#
###......##.##...#
.......(.##.##...#
.........##.##...#
.........##.##...#
.........##.##...#
...###.####.##..o#
...............o@#
##.....####.##.###
#..........##.#
#..........##.#
####.......##.#
######'####.##.#
...............#
.##########.##.#
.# #.##.#########


You could see an orc wizard and an orc.

Vanquished Creatures
  A worm (D:2)
  A giant mite (D:1)
  A giant gecko (D:1)
  An ooze (D:1)
  An orc (D:3)
  4 goblins
  2 hobgoblins
  4 jackals (D:2)
  5 kobolds
  A ball python (D:1)
  6 bats
  A giant cockroach (D:1)
  2 giant newts
  5 rats
35 creatures vanquished.

Notes
Turn   | Place    | Note
--------------------------------------------------------------
     0 | D:1      | Kashira, the Naga Transmuter, began the quest for the Orb.
     0 | D:1      | Reached XP level 1. HP: 18/18 MP: 3/3
   406 | D:1      | Reached XP level 2. HP: 23/25 MP: 2/4
   811 | D:1      | Reached XP level 3. HP: 27/31 MP: 4/6
   816 | D:1      | Learned a level 3 spell: Spider Form
  1962 | D:2      | Killed from afar by an orc wizard

Action                   || total
-------------------------++-------
Melee: Unarmed           ||    83
 Cast: Beastly Appendage ||    13
       Spider Form       ||     6
 Abil: Spit Poison       ||    23
  Use: Potion            ||     2
       Scroll            ||     1
  Eat: Chunk             ||     5
